 Dungeon Crawl Stone Soup version 0.26-a0-612-gd4d190f45e (webtiles) character file.

Game seed: 442036019863529918

10018 MrRokkomies the Geomancer (level 11, -16/54 HPs)
             Began as an Octopode Earth Elementalist on Sept 8, 2020.
             Was a High Priest of Hepliaklqana.
             Demolished by a two-headed ogre
             ... wielding a +0 giant club
              (24 damage)
             ... on level 10 of the Dungeon.
             The game lasted 00:21:52 (13089 turns).

MrRokkomies the Geomancer (OpEE)                   Turns: 13089, Time: 00:21:52

Health: -16/54     AC:  3    Str:  8    XL:     11   Next: 55%
Magic:  11/17      EV: 18    Int: 21    God:    Hepliaklqana [*****.]
Gold:   647        SH:  0    Dex: 12    Spells: 3/18 levels left

rFire    . . .     SeeInvis .   a - +0 dagger (drain)
rCold    . . .     Faith    .   (no shield)
rNeg     . . .     Spirit   .   t - +2 hat
rPois    .         Reflect  .   (no amulet)
rElec    .         Harm     .   (no ring)
rCorr    .                      (no ring)
MR       .....                  (no ring)
Stlth    +++++.....             (no ring)
HPRegen  0.18/turn              (no ring)
MPRegen  0.15/turn              (no ring)
                                (no ring)
                                (no ring)

@: about to teleport
A: almost no armour, stealthy swim, amphibious, 8 rings, constrict 8, reduced
essence, camouflage 1, gelatinous body 1
a: Recall Ancestor, Ancestor Identity, Transference, Idealise, Renounce Religion


You were on level 10 of the Dungeon.
You worshipped Hepliaklqana.
Hepliaklqana was extremely pleased with you.
You visited 1 branch of the dungeon, and saw 10 of its levels.
You also visited: Sewer.

You collected 647 gold pieces.

Inventory:

Hand Weapons
 a - a +0 dagger of draining (weapon)
Missiles
 b - 104 stones (quivered)
 p - 6 throwing nets
 q - 6 poisoned darts
Armour
 t - a +2 hat (worn)
 C - the +3 hat of Pondering {ponderous, MR+ MP+10 Int+5}
   (You took it off Gastronok on level 8 of the Dungeon)

   It affects your intelligence (+5).
   It affects your resistance to hostile enchantments.
   It affects your magic capacity (+10).
Jewellery
 v - an uncursed ring of fire
 F - an uncursed amulet of faith
Wands
 g - a wand of flame (20)
 h - a wand of random effects (10)
 u - a wand of paralysis (10)
 y - a wand of iceblast (31)
 z - a wand of enslavement (7)
 E - a wand of acid (6)
Scrolls
 d - a scroll of magic mapping
 e - a scroll of amnesia
 f - a scroll of teleportation
 j - 9 scrolls of enchant weapon
 n - 3 scrolls of remove curse
 A - 2 scrolls of immolation
 G - a scroll of fear
Potions
 c - a potion of ambrosia
 i - 2 potions of mutation
 k - a potion of berserk rage
 l - a potion of stabbing
 m - 5 potions of lignification
 o - a potion of magic
 r - 3 potions of flight
 s - 2 potions of invisibility
 x - 2 potions of curing {unknown}
 B - 3 potions of heal wounds
 D - 2 potions of might {unknown}
 H - a potion of haste {unknown}


   Skills:
 * Level 4.9 Short Blades
 - Level 10.0 Dodging
 - Level 10.0 Stealth
 - Level 4.0 Spellcasting
 + Level 5.9 Transmutations
 + Level 10.6 Earth Magic


You had 3 spell levels left.
You knew the following spells:

 Your Spells              Type           Power        Failure   Level
a - Sandblast             Erth           #####.       1%          1
b - Passwall              Tmut/Erth      #####...     1%          2
c - Stone Arrow           Conj/Erth      ####..       4%          3
d - Petrify               Tmut/Erth      #####...     4%          4
e - Lee's Rapid Deconstr  Erth           #####.....   4%          5

Your spell library contained the following spells:

 Spells                   Type           Power        Failure   Level
 Beastly Appendage        Tmut           ####..       1%          1
 Wereblood                Tmut           ####....     1%          2
 Spider Form              Tmut/Pois      ###.......   11%         3
 Animate Skeleton         Necr           #.....       12%         1
 Pain                     Necr           #...         12%         1
 Vampiric Draining        Necr           #.........   34%         3
 Blade Hands              Tmut           ####......   28%         5
 Ice Form                 Ice/Tmut       ###.....     34%         4
 Animate Dead             Necr           #.........   75%         4
 Agony                    Necr           #.......     97%         5


Dungeon Overview and Level Annotations

Branches:
Dungeon (10/15)            Temple (0/1) D:7           Sewer (visited)
   Lair: D:8-11         Orc: D:9-12

Altars:
Cheibriados
Dithmenos
Gozag
Hepliaklqana
Kikubaaqudgha
Makhleb
Nemelex Xobeh
Qazlal
Uskayaw
Wu Jian
Xom
Yredelemnul
The Shining One

Shops:
D:7 [

Annotations:
D:2 Sigmund
D:9 2 transporters, Tman's ghost, novice DEAE


Innate Abilities, Weirdness & Mutations

You cannot wear most types of armour.
You are very stealthy in the water. (Stealth+)
You are amphibious.
You can wear up to eight rings at the same time.
You can use your tentacles to constrict eight enemies at once.
Your skin changes colour to match your surroundings (Stealth+).
Your rubbery body absorbs attacks. (AC +1, EV +1)
Your life essence is reduced to manifest your ancestor. (-10% HP)


Message History

Wolf hits the two-headed ogre with a +0 dagger of draining!
Wolf drains the two-headed ogre.
The ufetubus closely misses you. x2
The worker ant barely misses Wolf.
You release your grip on the ufetubus.
The ufetubus barely misses you. The ufetubus misses you.
Wolf hits the two-headed ogre with a +0 dagger of draining.
The worker ant closely misses Wolf.
The two-headed ogre barely misses you.
The two-headed ogre hits you with a +0 giant club!
* * * LOW HITPOINT WARNING * * *
The ufetubus barely misses you. The ufetubus misses you.
Wolf casts a spell at the two-headed ogre.
The two-headed ogre resists with some effort.
The ufetubus closely misses you. The ufetubus misses you.
The ufetubus closely misses you. The ufetubus hits you.
* * * LOW HITPOINT WARNING * * *
Wolf misses the ufetubus.
As you read the scroll of teleportation, it crumbles to dust.
You feel strangely unstable.
The two-headed ogre hits you with a +0 giant club!!
You die...

#..# #..# #..# #..#
#..# ##########..#
.......@O5a.# ....
........O...# #..#
###..#####R.# #..#
#..# #..# #..# #..#
#..# #..# #..# #..#
#..# #..# #O.# #..#
#..# #..#
##..########..#####..#


You could see the friendly Wolf the hexer, 2 two-headed ogres, a worker ant and
an ufetubus.

Vanquished Creatures
  Gastronok (D:8)
  Harold (D:8)
  3 two-headed ogres (D:9)
  Prince Ribbit (D:6)
  3 hippogriffs
  3 yaks (D:9)
  A steam dragon (D:9)
  2 orc warriors (D:7)
  A hornet zombie (D:9)
  A sky beast (D:9)
  2 ice beasts
  3 ogres
  2 centaurs
  2 bullfrogs
  A gnoll sergeant (D:8)
  4 scorpions
  3 killer bees (D:9)
  3 wights (D:7)
  3 vampire bats (D:2)
  A bullfrog zombie (D:9)
  A centaur skeleton (D:4)
  A jelly (D:7)
  8 orc wizards
  8 orc priests
  2 hounds
  3 iguanas
  Terence (D:2)
  8 worker ants
  A killer bee zombie (D:7)
  5 adders
  11 gnolls
  A shadow imp (D:4)
  A white imp (D:9)
  An ufetubus (D:9)
  3 oozes
  An adder skeleton (D:9)
  An adder zombie (D:5)
  10 worms
  3 dart slugs
  7 leopard geckos
  26 orcs
  8 bats
  3 bat skeletons (D:2)
  3 bat zombies (D:2)
  9 giant cockroaches
  4 goblins
  6 hobgoblins
  9 jackals
  4 quokkas
  2 ball pythons
  7 frilled lizards
  6 kobolds
  A leopard gecko skeleton (D:6)
  2 quokka skeletons (D:4)
  4 rats
212 creatures vanquished.

Vanquished Creatures (collateral kills)
  A hornet (D:8)
  A hippogriff (D:7)
  Grinder (D:6)
  3 yaks (D:9)
  A black bear (D:7)
  A phantom (D:5)
  A bullfrog (D:8)
  A scorpion (D:4)
  A jelly (D:10)
  2 orc priests
  A bullfrog skeleton (D:7)
  A centaur skeleton (D:7)
  2 orc wizards
  2 worker ants
  A gnoll (D:8)
  An adder (D:9)
  An ufetubus (D:7)
  An ooze (Sewer)
  A worm (Sewer)
  5 orcs
  5 jackals
  A frilled lizard (D:2)
  A goblin (D:3)
36 creatures vanquished.

Vanquished Creatures (others)
  3 plants
3 creatures vanquished.

Grand Total: 251 creatures vanquished

Notes
Turn   | Place    | Note
-------+----------+-------------------------------------------
     0 | D:1      | MrRokkomies the Octopode Earth Elementalist began the quest
                  | for the Orb.
     0 | D:1      | Reached XP level 1. HP: 11/11 MP: 3/3
   138 | D:1      | Reached XP level 2. HP: 12/17 MP: 0/5
   749 | D:1      | Reached XP level 3. HP: 17/21 MP: 4/6
   923 | D:1      | Learned a level 2 spell: Passwall
   927 | D:1      | Learned a level 3 spell: Stone Arrow
  1401 | D:2      | Reached XP level 4. HP: 27/27 MP: 3/7
  1536 | D:2      | Noticed Terence
  1549 | D:2      | Killed Terence
  1686 | D:2      | Noticed Sigmund
  1863 | D:2      | Found a faded altar of an unknown god.
  1883 | D:2      | Became a worshipper of Hepliaklqana the Forgotten
  1883 | D:2      | Reached * piety under Hepliaklqana
  1951 | D:2      | Reached XP level 5. HP: 27/27 MP: 8/8
  2289 | D:2      | Found an ancient bone altar of Kikubaaqudgha.
  2302 | D:2      | Reached XP level 6. HP: 21/32 MP: 0/10
  2610 | D:3      | Found a sparkling altar of Nemelex Xobeh.
  3247 | D:4      | Reached ** piety under Hepliaklqana
  3248 | D:4      | Remembered your ancestor Wolf as a hexer
  3342 | D:4      | Found a glowing drain.
  3351 | Sewer    | Entered a sewer
  3879 | Sewer    | Reached XP level 7. HP: 30/36 MP: 11/11
  3884 | Sewer    | Reached skill level 5 in Earth Magic
  4130 | D:4      | Reached skill level 5 in Stealth
  4136 | D:4      | Learned a level 4 spell: Petrify
  4868 | D:4      | Reached skill level 5 in Dodging
  5107 | D:4      | Reached XP level 8. HP: 35/41 MP: 6/13
  5184 | D:4      | Found a basalt altar of Yredelemnul.
  5785 | D:5      | Entered Level 5 of the Dungeon
  6064 | D:5      | Reached *** piety under Hepliaklqana
  6202 | D:5      | Found a hide-covered altar of Uskayaw.
  6227 | D:5      | Found a snail-covered altar of Cheibriados.
  6227 | D:5      | Found a stormy altar of Qazlal.
  6229 | D:5      | Found a hazy altar of Hepliaklqana.
  6229 | D:5      | Found an opulent altar of Gozag.
  6894 | D:6      | Noticed Grinder
  6903 | D:6      | Killed Grinder
  7063 | D:6      | Found a basalt altar of Yredelemnul.
  7065 | D:6      | Noticed Prince Ribbit
  7074 | D:6      | Killed Prince Ribbit
  7402 | D:6      | Noticed a hippogriff
  7414 | D:6      | Killed a hippogriff
  7414 | D:6      | Reached XP level 9. HP: 45/45 MP: 8/15
  7421 | D:6      | Learned a level 5 spell: Lee's Rapid Deconstruction
  7576 | D:6      | Reached **** piety under Hepliaklqana
  8642 | D:7      | Found Ruosm's Armour Shoppe.
  9367 | D:7      | Found a staircase to the Ecumenical Temple.
  9377 | D:7      | Reached XP level 10. HP: 50/50 MP: 12/16
  9991 | D:8      | Found Baerr's Gadget Emporium.
 10037 | D:8      | Noticed Gastronok
 10647 | D:8      | Found a shadowy altar of Dithmenos.
 10656 | D:8      | Found a shimmering altar of Xom.
 10662 | D:8      | Found a glowing golden altar of the Shining One.
 10884 | D:8      | Killed Gastronok
 10900 | D:8      | Noticed Harold
 10911 | D:8      | Killed Harold
 10911 | D:8      | Reached skill level 10 in Stealth
 10911 | D:8      | Reached skill level 10 in Earth Magic
 10911 | D:8      | Reached XP level 11. HP: 54/54 MP: 17/17
 11354 | D:9      | Reached skill level 10 in Dodging
 11358 | D:9      | Reached skill level 1 in Short Blades
 11637 | D:9      | Found a burning altar of Makhleb.
 11701 | D:9      | Reached skill level 5 in Transmutations
 11840 | D:9      | Found a transporter.
 11842 | D:9      | Noticed Tman's ghost (novice DEAE)
 11843 | D:9      | Found a transporter.
 11845 | D:9      | Noticed a two-headed ogre
 11847 | D:9      | Identified the +8 great mace of Descent {antimagic, rC++
                  | MP+9}
 11847 | D:9      | Noticed a two-headed ogre
 11862 | D:9      | Found an ornate altar of the Wu Jian Council.
 11937 | D:9      | Noticed a two-headed ogre
 11948 | D:9      | Killed a two-headed ogre
 12168 | D:9      | Noticed a two-headed ogre
 12183 | D:9      | Killed a two-headed ogre
 12400 | D:9      | Reached ***** piety under Hepliaklqana
 12702 | D:9      | Noticed a two-headed ogre
 12709 | D:9      | Killed a two-headed ogre
 13000 | D:10     | Entered Level 10 of the Dungeon
 13068 | D:10     | Noticed a two-headed ogre
 13077 | D:10     | Noticed a two-headed ogre
 13089 | D:10     | Demolished by a two-headed ogre

Illustrated notes

Levels and vault maps discovered:
D:1:      shiori_arrival_maze, layout_basic
D:2:      layout_basic, kennysheep_vampire_church,
          chequers_ecumenical_altar_simple, uniq_sigmund, uniq_terence
D:3:      layout_loops_corners, nemelex_xobeh_ov_fountains_minmay
D:4:      layout_basic, cheibrodos_sewer_entry_bend,
          minmay_misc_feat_four_crosses, st_stairs_6, nrook_campfire,
          moated_statue, yredelemnul_altar_generic
D:5:      layout_basic, grunt_temple_overflow_open, kennysheep_small_spiral,
          minmay_misc_feat_x
D:6:      layout_gridville, basic_altar, glass_columns_a,
          hangedman_decor_lopped, uniq_prince_ribbit1, uniq_grinder
D:7:      layout_layer_cave, minmay_temple_entry_ruins, serial_shops, shop
D:8:      layout_gridville, gammafunk_temple_overflow_forgotten, serial_shops,
          shop, hangedman_abyss_or_decor_stabs, uniq_gastronok, uniq_harold
D:9:      layout_loops_corners, lemuel_crystal_altar, old_standard_altar,
          gammafunk_ghost_smash
D:10:     layout_small_grid, dpeg_oklobed_lair

Skill      XL: |  1  2  3  4  5  6  7  8  9 10 11 |
---------------+----------------------------------+-----
Stealth        | 3 4 5 7 8 10 | 10.0
Dodging        | 3 4 5 7 8 9 10 | 10.0
Earth Magic    | 4 5 7 8 10 | 10.6
Spellcasting   | 3 4 |  4.0
Transmutations | 3 4 5 |  5.9
Short Blades   | 4 |  4.9

Action                   |  1- 3 |  4- 6 |  7- 9 | 10-12 || total
-------------------------+-------+-------+-------+-------++-------
Melee: Short sword       |    31 |    82 |    63 |       ||   176
       Constrict         |     8 |    15 |    31 |    19 ||    73
       Unarmed           |     1 |       |       |       ||     1
       Tentacles         |     2 |    10 |    20 |    27 ||    59
       Dagger            |       |       |    81 |   151 ||   232
Throw: Throwing net      |       |       |       |     2 ||     2
 Cast: Sandblast         |    23 |    42 |    72 |    24 ||   161
       Stone Arrow       |       |       |    13 |       ||    13
       Petrify           |       |       |     2 |    10 ||    12
Invok: Ancestor Life: He |       |     1 |       |       ||     1
       Recall Ancestor   |       |       |     1 |       ||     1
  Use: Scroll            |     3 |     2 |    13 |     6 ||    24
       Potion            |       |     1 |     2 |     1 ||     4
 Stab: Sleeping          |     3 |    14 |    19 |    19 ||    55
       Petrified         |       |       |     5 |    13 ||    18
       Distracted        |       |       |     1 |       ||     1
       Confused          |       |       |       |     2 ||     2
       Petrifying        |       |       |       |     2 ||     2
Armor: Skin              |     4 |    14 |    13 |     7 ||    38
Dodge: Dodged            |    33 |    95 |   138 |   115 ||   381

Table legend: (Time is in decaauts)
 A = Elapsed time spent in this place.
 B = Non-inter-level travel time spent in this place.
 C = Inter-level travel time spent in this place.
 D = Time resting spent in this place.
 E = Time spent auto-exploring this place.
 F = Levels seen in this place.
 G = Mean time per level.
                   A        B        C        D        E       F      G
               +--------+--------+--------+--------+--------+-----+--------+
         Total |  13118 |  12796 |    322 |   1371 |   9622 |  11 | 1192.5 |
       Dungeon |  12374 |  12052 |    322 |   1371 |   8983 |  10 | 1237.4 |
         Sewer |    743 |    743 |      0 |      0 |    639 |   1 |  743.0 |
               +--------+--------+--------+--------+--------+-----+--------+

Top non-repeatable levels by time:
     D:9: 1829 daAuts
     D:4: 1810 daAuts
     D:7: 1627 daAuts
     D:8: 1392 daAuts
     D:1: 1340 daAuts
     D:6: 1279 daAuts
     D:2: 1105 daAuts
     D:5: 1097 daAuts
     D:3: 801 daAuts
   Sewer: 743 daAuts
    D:10: 87 daAuts
